 Dungeon Crawl Stone Soup version 0.21-a0-274-gc1afaeb (webtiles) character file.

51 Lavandula the Chopper (level 3, 0/30 HPs)
             Began as a Ghoul Warper on Sept 19, 2017.
             Slain by Natasha (6 damage)
             ... on level 2 of the Dungeon.
             The game lasted 00:01:39 (446 turns).

Lavandula the Chopper (Ghoul Warper)                 Turns: 446, Time: 00:01:39

Health: 0/30       AC:  4    Str: 15    XL:     3   Next: 83%
Magic:  4/5        EV: 12    Int:  8    God:
Gold:   19         SH:  0    Dex:  8    Spells: 2/6 levels left

rFire    . . .     SeeInvis .   a - +0 hand axe
rCold    + . .     Gourm    .   (no shield)
rNeg     + + +     Faith    .   b - +0 leather armour
rPois    ∞         Spirit   .   (no helmet)
rElec    .         Reflect  .   (no cloak)
rCorr    .         Harm     .   g - +0 pair of gloves
MR       .....                  (no boots)
Stlth    +.........             (no amulet)
HPRegen  0.00/turn              (no ring)
MPRegen  0.09/turn              (no ring)

@: rotting
A: rotting body, claws 1, carnivore 3, cold resistance 1, negative energy
resistance 3, inhibited regeneration, torment resistance, unbreathing
a: no special abilities


You were on level 2 of the Dungeon.
You were not hungry.

You visited 1 branch of the dungeon, and saw 2 of its levels.

You collected 19 gold pieces.

Inventory:

Hand Weapons
 a - a +0 hand axe (weapon)
Missiles
 e - 5 tomahawks of dispersal (quivered)
Armour
 b - a +0 leather armour (worn)
 g - a +0 pair of gloves (worn)
Jewellery
 k - an uncursed ring of poison resistance {unknown}
Scrolls
 d - a scroll of blinking
 h - a scroll of fear {unknown}
 i - a scroll of teleportation {unknown}
 j - a scroll of identify {unknown}
 l - a scroll of fog {unknown}
Potions
 m - a potion of flight {unknown}
 n - a potion of brilliance {unknown}
 p - a potion of might {unknown}
Books
 c - a book of Spatial Translocations

   Spells                             Type                      Level
   a - Blink                          Translocation                2
   b - Shroud of Golubria             Charms/Translocation         2
   c - Lesser Beckoning               Translocation                3
   d - Gell's Gravitas                Translocation                3
   e - Teleport Other                 Translocation                3
   f - Passage of Golubria            Translocation                4
Comestibles
 f - a meat ration


   Skills:
 - Level 2.4 Fighting
 + Level 3.0 Axes
 - Level 0.8 Throwing
 - Level 0.8 Armour
 - Level 2.1 Dodging
 - Level 0.2 Stealth
 - Level 2.1 Spellcasting
 - Level 2.6 Translocations


You had 2 spell levels left.
You knew the following spells:

 Your Spells              Type           Power        Failure   Level  Hunger
a - Blink                 Tloc           N/A          22%         2    ###....
b - Shroud of Golubria    Chrm/Tloc      #.........   36%         2    ###....


Dungeon Overview and Level Annotations

Branches:
Dungeon (2/15)

Altars:

Annotations:
D:2 Natasha


Innate Abilities, Weirdness & Mutations

Your body is rotting away.
You thrive on raw meat.
You are immune to poison.
You have sharp fingernails.
You are carnivorous and can eat meat at any time.
Your flesh is cold resistant. (rC+)
You are immune to negative energy. (rN+++)
You do not regenerate when monsters are visible.
You are immune to unholy pain and torment.
You can survive without breathing.


Message History

Natasha is severely wounded.
Natasha claws you.
You closely miss Natasha.
Natasha is severely wounded.
Natasha casts a spell at you. The magic dart hits you! Natasha claws you.
* * * LOW HITPOINT WARNING * * *
Eat a chunk of flesh? (ye/n/q)
You eat the chunk of flesh.
This raw flesh tastes great!
Natasha casts a spell at you. The magic dart hits you!
You closely miss Natasha.
Natasha is severely wounded.
Natasha claws you.
* * * LOW HITPOINT WARNING * * *
Okay, then.
You barely miss Natasha.
Natasha is severely wounded.
Natasha claws you.
You die...

#.##..#.#....##
#.##....÷......
#.##.##.#....##
#............# ###
###..####...... ..#
#..# #.#### #.# #..#
...
#.#######..#########
#.#.@..<.......#
#.#h#####..###.# #.#
##.#.# #..# #.#
##....## #....
##.#####....>.####.####
#..................#
#..#####......###.##
#..# ##....## #..#
####.#.#


You could see Natasha.

Vanquished Creatures
  Natasha (D:2)
  An adder (D:2)
  2 leopard geckos (D:1)
  A bat (D:1)
  A giant cockroach (D:1)
  2 hobgoblins (D:1)
  3 kobolds (D:1)
  A frilled lizard (D:1)
  A goblin (D:1)
  4 rats (D:1)
17 creatures vanquished.

Notes
Turn   | Place    | Note
-------+----------+-------------------------------------------
     0 | D:1      | Lavandula the Ghoul Warper began the quest for the Orb.
     0 | D:1      | Reached XP level 1. HP: 17/17 MP: 2/2
    78 | D:1      | Reached XP level 2. HP: 7/25 MP: 3/3
   247 | D:1      | Reached skill level 2 in Axes
   345 | D:2      | Learned a level 2 spell: Blink
   348 | D:2      | Learned a level 2 spell: Shroud of Golubria
   395 | D:2      | Noticed Natasha
   404 | D:2      | Reached XP level 3. HP: 24/30 MP: 2/5
   413 | D:2      | Killed Natasha
   413 | D:2      | Reached skill level 3 in Axes
   434 | D:2      | Noticed Natasha
   446 | D:2      | Slain by Natasha

Vault maps used:
D:1:      lemuel_arrival_lava_pool, grunt_decor_fettered, minmay_pentomino_t2
D:2:      good_gods_temple_1, uniq_natasha, uniq_terence

Skill      XL: |  1  2  3 |
---------------+----------+-----
Dodging        | 2 |  2.1
Spellcasting   | 2 |  2.1
Axes           | 2 3 |  3.0
Fighting       | |  2.4
Throwing       | |  0.8
Armour         | |  0.8
Stealth        | |  0.2
Translocations | |  2.6

Action                   || total
-------------------------++-------
Melee: Hand axe          ||    91
 Cast: Shroud of Golubri ||     2
  Eat: Chunk             ||    11
Armor: Leather armour    ||    25
Dodge: Dodged            ||    55

Table legend:
 A = Spawn XP
 B = Non-spawn XP
 C = Spawn XP percentage of total XP
 D = Spawn monster count
 E = Non-spawn monster count
 F = Spawn count percentage of total count
 G = Total turns spent on level
                    A         B        C        D         E        F      G
               +---------+---------+-------+---------+---------+-------+---------
         Total |       0 |      74 |   0.0 |       0 |      17 |   0.0 |   446
               +---------+---------+-------+---------+---------+-------+---------
           D:1 |       0 |      25 |   0.0 |       0 |      15 |   0.0 |   341
           D:2 |       0 |      49 |   0.0 |       0 |       2 |   0.0 |   105
               +---------+---------+-------+---------+---------+-------+---------
